 Dungeon Crawl Stone Soup version 0.29-a0-551-gffc1d7fb78 (webtiles) character file.

Game seed: 6900947910264250094

1537 Armakuni the Destroyer (level 9, 0/68 HPs)
             Began as a Meteoran Conjurer on June 5, 2022.
             Slain by Maurice
             ... wielding a +0 dagger
              (4 damage)
             ... on level 8 of the Dungeon.
             The game lasted 00:14:45 (3802 turns).

Armakuni the Destroyer (Meteoran Conjurer)          Turns: 3802, Time: 00:14:45

Health: 0/68       AC:  7    Str: 13    XL:     9   Next: 32%
Magic:  19/35      EV: 13    Int: 20    God:
Gold:   295        SH:  0    Dex: 15    Spells: 3/17 levels left

rFire   . . .      SeeInvis .   a - +2 flail (vorpal)
rCold   . . .      Faith    .   (no shield)
rNeg    . . .      Spirit   .   x - +0 steam dragon scales
rPois   .          Reflect  .   f - +0 helmet
rElec   .          Harm     .   (no cloak)
rCorr   .          Rampage  .   (no gloves)
Will    +....                   w - +0 pair of boots
Stlth   +.........              M - amulet of magic regeneration
HPRegen 0.21/turn               P - ring of magical power
MPRegen 0.64/turn               D - ring "Plog" {MP+9 Dex+2}

@: very slightly contaminated, glowing
A: sense surroundings 2, otherworldly, glowing, explore regen
a: no special abilities


You were on level 8 of the Dungeon.
You visited 1 branch of the dungeon, and saw 8 of its levels.

You collected 295 gold pieces.

Inventory:

Hand Weapons
 a - a +2 vorpal flail (weapon)
Missiles
 s - a throwing net
Armour
 f - a +0 helmet (worn)
 w - a +0 pair of boots (worn)
 x - +0 steam dragon scales (worn)
Jewellery
 j - a ring of protection from fire
 A - an amulet of the acrobat
 D - the ring "Plog" (right hand) {MP+9 Dex+2}
   (You found it on level 6 of the Dungeon)

   [ring of magical power]

   Dex:       It affects your dexterity (+2).
   MP:        It affects your magic capacity (+9).
 M - an amulet of magic regeneration (around neck)
 P - a ring of magical power (left hand)
 U - an amulet of faith
Scrolls
 c - a scroll of acquirement {unknown}
 d - 4 scrolls of identify
 i - a scroll of teleportation
 m - a scroll of magic mapping
 o - a scroll of enchant weapon {unknown}
 p - 3 scrolls of fog {unknown}
 r - a scroll of torment {unknown}
 t - a scroll of amnesia {unknown}
 v - 2 scrolls of noise {unknown}
Potions
 b - a potion of magic
 e - 3 potions of ambrosia {unknown}
 h - 2 potions of attraction {unknown}
 l - 5 potions of curing {unknown}
 n - 3 potions of heal wounds {unknown}
 q - 2 potions of might
 u - a potion of mutation {unknown}


   Skills:
 + Level 2.8 Fighting
 - Level 1.0 Maces & Flails
 + Level 3.9 Dodging
 - Level 1.4 Stealth
 + Level 4.8 Spellcasting
 - Level 10.0 Conjurations
 - Level 2.0 Hexes
 - Level 4.0 Translocations
 - Level 5.0 Evocations


You had 3 spell levels left.
You knew the following spells:

 Your Spells              Type           Power      Damage    Failure   Level
a - Magic Dart            Conj           100%       1d8       1%          1
c - Mephitic Cloud        Conj/Pois/Air  18%        N/A       9%          3
m - Iskenderun's Mystic   Conj/Tloc      32%        2d8       7%          4
p - Fulminant Prism       Conj/Hex       14%        3d9       10%         4
z - Searing Ray           Conj           88%        2d7       1%          2

Your spell library contained the following spells:

 Spells                   Type           Power      Damage    Failure   Level
 Dazzling Flash           Conj/Hex       56%        N/A       3%          3
 Call Imp                 Summ           4%         N/A       19%         2


Dungeon Overview and Level Annotations

Branches:
Dungeon (8/15)
 Temple: D:4-7         Lair: D:8-11

Altars:
Ashenzari
Gozag
Nemelex Xobeh
Sif Muna
Yredelemnul

Annotations:
D:6 exclusion: downstairs
D:8 Grum, Maurice


Innate Abilities, Weirdness & Mutations

You passively map the area around you.
You are easily found by Zot.
You glow in the dark.
You regain HP and MP as you explore.


Message History

Press: ? - help, Dir - move target You conjure a prism of explosive energy!
A fulminant prism comes into view.
The wolf barely misses you. The wolf bites you. The wolf bites you!
Your fulminant prism crackles loudly.
Your fulminant prism explodes!
The blast of energy engulfs something!!
The blast of energy engulfs the wolf!
You kill the wolf!
The blast of energy engulfs Grum!
Grum is heavily wounded.
The blast of energy engulfs the centaur!
The centaur is severely wounded.
You hear a howl!
Casting: Fulminant Prism (dangerous; 10% risk of failure)
Confirm with . or Enter, or press ? or * to list all spells.
Aiming: Fulminant Prism (dangerous; 10% risk of failure)
Press: ? - help, Dir - move target You conjure a prism of explosive energy!
A fulminant prism comes into view.
Grum drinks a potion.
Grum seems to grow stronger.
Casting: Fulminant Prism (dangerous; 10% risk of failure)
Confirm with . or Enter, or press ? or * to list all spells.
Aiming: Fulminant Prism (dangerous; 10% risk of failure)
Press: ? - help, Dir - move target You miscast Fulminant Prism.
You are very lightly contaminated with residual magic.
The air around you crackles with energy!
The centaur shoots an arrow.
The arrow hits you! Something hits you. Something steals your 3 cyan potions!
Grum hits you from afar with a +1 spear!!
* * * LOW HITPOINT WARNING * * *
Your fulminant prism crackles loudly.
Okay, then.
Okay, then.
Okay, then.
Unknown command.
Unknown command.
Something hits you.
You die...

, , ,, , ......h.. ##. #.
,###......g.# #.. * ≈... ##.#
#.........# , #.. ≈...
#..###...# .... , ##..####
≈..##..##...#**...,,.,
.......####..#......*###.##...,
.##..................§.......#*
..##.##...........cg.†..###.. *
...#......#.....@{..##..# *
.......###..........##...?., ,
...#..###................#... *
...#....#..†.......#.###.# ...
...................### .. ..
#...........##......# .#. #
.............#........ ....,
.........#...##.###..## , , *
##.##..###.....(. ... , ,,,*


You could see Grum (strong, ally target), a centaur and a friendly fulminant
prism.

Vanquished Creatures
  A steam dragon (D:6)
  Edmund (D:4)
  A water moccasin (D:6)
  A sky beast (D:8)
  2 wolves (D:8)
  3 ogres
  A bullfrog (D:7)
  2 scorpions
  A howler monkey (D:6)
  3 hounds
  A gnoll shaman (D:6)
  A jelly (D:5)
  4 iguanas (D:5)
  4 adders
  6 gnolls
  A shadow imp (D:8)
  3 white imps
  An ufetubus (D:6)
  2 worms (D:2)
  2 dart slugs
  4 orcs
  4 bats
  12 endoplasms
  2 giant cockroaches (D:1)
  8 goblins
  15 hobgoblins
  3 quokkas
  3 ball pythons
  6 frilled lizards
  6 kobolds
  6 rats
110 creatures vanquished.

Vanquished Creatures (others)
  4 fulminant prisms (D:8)
4 creatures vanquished.

Grand Total: 114 creatures vanquished

Notes
Turn   | Place    | Note
-------+----------+-------------------------------------------
     0 | D:1      | Armakuni the Meteoran Conjurer began the quest for the Orb.
     0 | D:1      | Reached XP level 1. HP: 14/14 MP: 5/5
    26 | D:1      | Reached skill level 5 in Conjurations
    64 | D:1      | Reached XP level 2. HP: 19/20 MP: 5/7
    70 | D:1      | Learned a level 2 spell: Searing Ray
   178 | D:1      | Reached XP level 3. HP: 17/26 MP: 4/8
   711 | D:2      | Found a faded altar of an unknown god.
   901 | D:2      | Reached XP level 4. HP: 34/34 MP: 10/10
   974 | D:2      | Reached skill level 1 in Maces & Flails
   990 | D:2      | Learned a level 4 spell: Iskenderun's Mystic Blast
   994 | D:2      | Learned a level 3 spell: Mephitic Cloud
   999 | D:2      | Reached skill level 1 in Fighting
  1465 | D:2      | Reached XP level 5. HP: 40/40 MP: 12/12
  1559 | D:3      | Found a shimmering blue altar of Sif Muna.
  1635 | D:3      | Reached skill level 1 in Evocations
  1642 | D:3      | Reached skill level 6 in Conjurations
  1912 | D:4      | Noticed Edmund
  2050 | D:5      | Entered Level 5 of the Dungeon
  2050 | D:5      | Noticed an ogre
  2059 | D:5      | Killed an ogre
  2060 | D:5      | Reached XP level 6. HP: 17/47 MP: 13/13
  2324 | D:3      | Found a basalt altar of Yredelemnul.
  2326 | D:3      | Found a sparkling altar of Nemelex Xobeh.
  2328 | D:3      | Found a broken altar of Ashenzari.
  2497 | D:4      | Noticed an ogre
  2511 | D:4      | Killed an ogre
  2512 | D:4      | Reached skill level 7 in Conjurations
  2512 | D:4      | Reached XP level 7. HP: 52/52 MP: 14/14
  2572 | D:4      | Killed Edmund
  2579 | D:4      | Reached skill level 8 in Conjurations
  2579 | D:4      | Reached skill level 5 in Evocations
  2700 | D:4      | Learned a level 4 spell: Fulminant Prism
  2700 | D:4      | Found an opulent altar of Gozag.
  2916 | D:5      | Reached XP level 8. HP: 59/59 MP: 15/15
  2982 | D:6      | Noticed a steam dragon
  2989 | D:6      | Killed a steam dragon
  2990 | D:6      | Reached skill level 1 in Translocations
  3064 | D:6      | Reached skill level 9 in Conjurations
  3356 | D:6      | Identified the ring "Plog" {MP+9 Dex+2}
  3427 | D:5      | You fall into a shaft and drop 1 floor!
  3513 | D:6      | Gained mutation: You passively map the area around you.
                  | [Meteoran growth]
  3513 | D:6      | Reached XP level 9. HP: 64/64 MP: 16/16
  3699 | D:7      | Reached skill level 10 in Conjurations
  3788 | D:8      | Noticed Grum
  3788 | D:8      | Noticed Maurice
  3801 | D:8      | HP: 3/68 [Grum/+1 spear (21)]
  3802 | D:8      | Slain by Maurice

Illustrated notes

Levels and vault maps discovered:
D:1:      pf_arrival_petrified_forest, layout_rooms
D:2:      layout_basic, hellmonk_ecumenical_altar_lost_god
D:3:      layout_loops_ring, lemuel_tele_altar,
          gammafunk_temple_overflow_forgotten
D:4:      layout_gridville, lemuel_doored_altar, minmay_misc_feat_iff,
          uniq_edmund
D:5:      minmay_spotlight, layout_basic, kennysheep_doodads, interstate_on_off
D:6:      layout_loops_corners, amethyst_killhole
D:7:      cheibrodos_helix_gallery, layout_basic, minmay_temple_entry_slanted,
          serial_shops, shop, uniq_crazy_yiuf_cottage
D:8:      layout_cave_pools, kennysheep_okawaru_gauntlet, kennysheep_nub,
          uniq_grum, uniq_maurice

Skill      XL: |  1  2  3  4  5  6  7  8  9 |
---------------+----------------------------+-----
Conjurations   | 5 6 7 8 9 10 | 10.0
Spellcasting   | 3 4 |  4.8
Maces & Flails | 1 |  1.0
Fighting       | 1 2 |  2.8
Evocations     | 3 4 5 |  5.0
Hexes          | 2 |  2.0
Translocations | 4 |  4.0
Dodging        | 3 |  3.9
Stealth        | |  1.4

Action                   |  1- 3 |  4- 6 |  7- 9 || total
-------------------------+-------+-------+-------++-------
Melee: Whip              |       |     1 |       ||     1
       Flail             |       |       |     3 ||     3
 Cast: Magic Dart        |     8 |       |       ||     8
       Searing Ray       |    21 |    49 |    35 ||   105
       Mephitic Cloud    |       |     5 |     5 ||    10
       Iskenderun's Myst |       |       |     2 ||     2
       Fulminant Prism   |       |       |     5 ||     5
Evoke: Wand              |       |       |     5 ||     5
  Use: Scroll            |     1 |     2 |       ||     3
Armor: Robe              |     2 |     8 |       ||    10
       Steam dragon scal |       |       |     9 ||     9
Dodge: Dodged            |    12 |    24 |    12 ||    48

Table legend: (Time is in decaauts)
 A = Elapsed time spent in this place.
 B = Non-inter-level travel time spent in this place.
 C = Inter-level travel time spent in this place.
 D = Time resting spent in this place.
 E = Time spent auto-exploring this place.
 F = Levels seen in this place.
 G = Mean time per level.
                   A        B        C        D        E       F      G
               +--------+--------+--------+--------+--------+-----+--------+
         Total |   3804 |   3594 |    210 |    164 |   2182 |   8 |  475.5 |
       Dungeon |   3804 |   3594 |    210 |    164 |   2182 |   8 |  475.5 |
               +--------+--------+--------+--------+--------+-----+--------+

Top non-repeatable levels by time:
     D:2: 834 daAuts
     D:3: 723 daAuts
     D:6: 721 daAuts
     D:1: 645 daAuts
     D:4: 484 daAuts
     D:5: 250 daAuts
     D:7: 87 daAuts
     D:8: 56 daAuts
